 Dungeon Crawl Stone Soup version 0.21.1-68-g103a7afc0a (webtiles) character file.

34881 Kirk the Severer (level 14, -12/113 HPs)
             Began as a Formicid Earth Elementalist on Aug 2, 2018.
             Shot with a bolt by a yaktaur captain (22 damage)
             ... on level 15 of the Dungeon.
             The game lasted 01:06:45 (19650 turns).

Kirk the Severer (Formicid Earth Elementalist)     Turns: 19650, Time: 01:06:45

Health: -12/113    AC: 22    Str: 13    XL:     14   Next: 15%
Magic:  17/23      EV: 11    Int: 20    God:
Gold:   191        SH:  0    Dex: 11    Spells: 8/25 levels left

rFire    . . .     SeeInvis +   s - +4 broad axe
rCold    + + +     Gourm    .   (no shield)
rNeg     + . .     Faith    .   z - +6 ring mail "Akhlemm" {rC+}
rPois    .         Spirit   .   (helmet unavailable)
rElec    .         Reflect  .   G - +0 cloak
rCorr    .         Harm     .   (no gloves)
MR       ++...                  l - +2 pair of boots
Stlth    +.........             (no amulet)
HPRegen  0.28/turn              w - +5 ring of protection
MPRegen  0.18/turn              F - ring "Vunip" {rC++ rN+ MR+ Slay+5}

@: no status effects
A: permanent stasis, dig shafts and tunnels, four strong arms, antennae 3
a: Dig, Shaft Self


You were on level 15 of the Dungeon.
You were hungry.

You visited 4 branches of the dungeon, and saw 20 of its levels.

You collected 1127 gold pieces.
You spent 936 gold pieces at shops.

Inventory:

Hand Weapons
 h - a +1 war axe of venom
 s - a +4 broad axe (weapon)
 t - the +6 battleaxe "Focen" {venom, rF- rC+ MR+ Str+2}
   (You acquired it on level 2 of the Orcish Mines)

   It poisons the flesh of those it strikes.
   It affects your strength (+2).
   It makes you vulnerable to fire.
   It protects you from cold.
   It affects your resistance to hostile enchantments.
 x - a cursed -3 battleaxe
 I - a +0 blowgun
 N - the +8 lajatang "Cicimm" {slice, Str+3}
   (You found it on level 13 of the Dungeon)

   It inflicts extra damage upon your enemies.
   It affects your strength (+3).
Missiles
 a - 53 tomahawks
 b - 357 stones
 k - 64 poisoned needles
 n - 10 curare-tipped needles
 r - 2 javelins (quivered)
Armour
 l - a +2 pair of boots (worn)
 z - the +6 ring mail "Akhlemm" (worn) {rC+}
   (You found it on level 6 of the Dungeon)

   It protects you from cold.
 G - a +0 cloak (worn)
 J - a +0 shield
Jewellery
 w - a +5 ring of protection (left hand)
 D - an uncursed ring of wizardry
 F - the ring "Vunip" (right hand) {rC++ rN+ MR+ Slay+5}
   (You found it on level 7 of the Dungeon)

   [ring of protection from magic]

   It affects your accuracy and damage with ranged weapons and melee attacks
   (+5).
   It greatly protects you from cold.
   It protects you from negative energy.
   It affects your resistance to hostile enchantments.
Wands
 c - a wand of flame (14)
 H - a wand of digging (2)
Scrolls
 m - a scroll of immolation
 v - 5 scrolls of remove curse
 B - a scroll of enchant armour
 K - a scroll of amnesia
Potions
 f - 2 potions of lignification
 g - 2 potions of resistance
 i - a potion of mutation
 o - a potion of cancellation
 p - a potion of flight
 q - a potion of ambrosia
 E - a potion of magic
 O - a potion of brilliance
Books
 e - a book of Geomancy

   Spells                             Type                      Level
   a - Sandblast                      Earth                        1
   b - Passwall                       Transmutation/Earth          2
   c - Stone Arrow                    Conjuration/Earth            3
   d - Petrify                        Transmutation/Earth          4
   e - Lee's Rapid Deconstruction     Earth                        5
 A - a book of Air

   Spells                             Type                      Level
   a - Shock                          Conjuration/Air              1
   b - Swiftness                      Charms/Air                   2
   c - Static Discharge               Conjuration/Air              3
   d - Airstrike                      Air                          4
   e - Lightning Bolt                 Conjuration/Air              5
 C - a book of Conjurations

   Spells                             Type                      Level
   a - Magic Dart                     Conjuration                  1
   b - Searing Ray                    Conjuration                  2
   c - Dazzling Spray                 Conjuration/Hexes            3
   d - Fulminant Prism                Conjuration/Hexes            4
   e - Force Lance                    Conjuration/Translocation    4
   f - Iskenderun's Mystic Blast      Conjuration                  4
Comestibles
 d - 22 rations
 u - 2 chunks of flesh


   Skills:
 - Level 11.2 Fighting
 + Level 15.6 Axes
   Level 0.7(10.5) Maces & Flails
 - Level 9.0 Armour
 - Level 1.7 Dodging
 - Level 3.0 Stealth
 * Level 3.6 Shields
 - Level 6.3 Spellcasting
 - Level 4.0 Charms
 - Level 1.1 Transmutations
 - Level 8.3 Earth Magic


You had 8 spell levels left.
You knew the following spells:

 Your Spells              Type           Power        Failure   Level  Hunger
a - Sandblast             Erth           #####.       1%          1    None
b - Passwall              Tmut/Erth      ####......   4%          2    None
c - Stone Arrow           Conj/Erth      ###...       10%         3    ##.....
d - Lee's Rapid Deconstr  Erth           #####.....   17%         5    #####..
e - Petrify               Tmut/Erth      ####....     26%         4    ####...
f - Swiftness             Chrm/Air       ##......     12%         2    None


Dungeon Overview and Level Annotations

Branches:
Dungeon (15/15)            Temple (1/1) D:4            Lair (2/6) D:9
    Orc (2/2) D:11            Elf (0/3) Orc:2
  Swamp: Lair:2-4    Shoals: Lair:2-4     Snake: Lair:2-4    Spider: Lair:2-4
 Vaults: D:13-14     Depths: D:15

Altars:
Ashenzari
Cheibriados
Dithmenos
Elyvilon
Fedhas
Gozag
Hepliaklqana
Kikubaaqudgha
Makhleb
Nemelex Xobeh
Okawaru
Qazlal
Ru
Sif Muna
Trog
Uskayaw
Vehumet
Wu Jian
Xom
Yredelemnul
Zin
The Shining One
Beogh

Shops:
D:4 [   D:13 }   Orc:1 %   Orc:2 (??*

Annotations:
D:3 Pieper's ghost, amateur GrFi
D:9 Erolcha
D:11 Sonja
D:13 Azrael
Lair:1 exclusion: hydra


Innate Abilities, Weirdness & Mutations

You cannot be hasted, slowed, berserked, paralysed or teleported.
You can dig through walls and to a lower floor.
Your four strong arms can wield two-handed weapons with a shield.
You have a pair of large antennae on your head. (SInv)


Message History

A centaur warrior comes into view.
Casting: Passwall
Confirm with . or Enter, or press ? or * to list all spells.
Which direction?
The centaur warrior shouts!
You hear a roar!
You hear a shout!
The centaur warrior wields a glowing shortbow.
The centaur warrior shoots an arrow.
The arrow hits you!
* * * LOW HITPOINT WARNING * * *
You begin to meditate on the wall.
You continue meditating on the rock.
The centaur warrior moves out of view.
The tarantella barely misses you.
You continue meditating on the rock.
The tarantella bites you but does no damage.
You finish merging with the rock.
You feel better.
The four-headed hydra roars!
The centaur warrior shoots an arrow.
The arrow barely misses you.
A yaktaur captain and a hungry ghost come into view.
The yaktaur captain wields an arbalest.
The yaktaur captain shoots a bolt.
The bolt hits you!!
You die...

.............. .#
............. .#
...c.W...c..#
............#
......$D....#
..J.........#
............#
........((..#####...
..###T####(.@.......
........cs.(###.....
#..###..###.# ... ....
#...{#.# .
##D.###{{###.# ..
......c...c.# ...
#..###{(###.# .... #...
#..#...###....
..###..###..###........


You could see a yaktaur captain, a four-headed hydra, a centaur warrior, a
hungry ghost, a tarantella and a centaur.

Vanquished Creatures
  The ghost of Pisosu the Quickloader, a journeyman MiHu of Okawaru (Lair:1)
  Fannar (D:10)
  3 vault guards
  2 two-headed ogres
  The ghost of IceCat the Basher, a journeyman GrFi of Okawaru (D:10)
  3 orc high priests (Orc:2)
  Nergalle (D:10)
  2 unseen horrors
  5 orc knights
  5 orc sorcerers
  5 ugly things
  A cyclops (D:13)
  2 manticores
  A centaur zombie (D:13)
  2 centaur skeletons
  A spiny frog (Lair:1)
  A freezing wraith (D:12)
  A kobold demonologist (D:13)
  3 komodo dragons
  A hornet (D:10)
  2 trolls
  3 hippogriffs
  3 blink frogs (Lair:1)
  5 slime creatures (D:12)
  A centaur simulacrum (D:14)
  10 yaks
  A spriggan (D:7)
  2 wyverns
  A shadow (D:11)
  2 fire elementals (D:13)
  A hungry ghost (D:14)
  3 vampire mosquitoes (D:13)
  3 wargs
  A porcupine (Lair:1)
  3 water moccasins
  2 hell hounds (D:13)
  32 orc warriors
  5 sky beasts
  4 ice beasts
  An eye of draining (D:11)
  3 phantoms
  2 necrophages
  A centaur (D:11)
  7 ogres
  8 crocodiles (Lair:1)
  3 big kobolds
  3 wyvern zombies
  14 bullfrogs
  A scorpion (D:8)
  8 wights
  2 bullfrog skeletons
  6 crimson imps
  A quasit (D:10)
  2 bullfrog zombies (D:13)
  4 hounds
  5 jellies
  17 orc priests
  5 iguanas
  19 orc wizards
  A gnoll shaman (D:5)
  Natasha (thrice) (D:4 D:3)
  10 worker ants
  A killer bee zombie (D:8)
  A hound zombie (D:5)
  A hound skeleton (D:5)
  A howler monkey zombie (D:6)
  A worker ant zombie (D:10)
  9 adders
  11 gnolls
  4 shadow imps
  An ooze (D:6)
  An adder zombie (D:6)
  2 adder skeletons
  4 worms
  6 leopard geckos
  87 orcs
  7 giant cockroaches
  8 goblins
  4 hobgoblins (D:3)
  20 jackals
  7 quokkas
  A ball python (D:5)
  3 bats (D:2)
  2 frilled lizards
  20 kobolds
  9 rats
  A plant (Lair:1)
464 creatures vanquished.

Vanquished Creatures (collateral kills)
  A jackal (D:5)
1 creature vanquished.

Vanquished Creatures (others)
  An ogre (D:11)
  A quokka (D:15)
2 creatures vanquished.

Grand Total: 467 creatures vanquished

Notes
Turn   | Place    | Note
-------+----------+-------------------------------------------
     0 | D:1      | Kirk the Formicid Earth Elementalist began the quest for the Orb.
     0 | D:1      | Reached XP level 1. HP: 13/13 MP: 3/3
   118 | D:1      | Reached XP level 2. HP: 17/19 MP: 3/5
   875 | D:2      | Reached XP level 3. HP: 23/24 MP: 2/7
  1142 | D:2      | Reached XP level 4. HP: 19/30 MP: 3/8
  1321 | D:2      | Reached skill level 5 in Earth Magic
  1414 | D:2      | Found a shattered altar of Ashenzari.
  1485 | D:3      | Found a hide-covered altar of Uskayaw.
  1485 | D:3      | Found a glowing golden altar of the Shining One.
  1485 | D:3      | Found an opulent altar of Gozag.
  1530 | D:3      | Noticed Pieper's ghost (amateur GrFi)
  2142 | D:4      | Found a bloodstained altar of Trog.
  2228 | D:4      | Found Qetiarux's Armour Shoppe.
  2228 | D:4      | Noticed an ogre
  2261 | D:4      | Noticed Natasha
  2265 | D:4      | Killed Natasha
  2265 | D:4      | Reached XP level 5. HP: 35/35 MP: 4/10
  2277 | D:4      | Noticed Natasha
  2292 | D:4      | Killed Natasha
  2437 | D:4      | Reached XP level 6. HP: 42/42 MP: 7/11
  2471 | D:4      | Noticed Natasha
  2481 | D:3      | Killed Natasha
  2792 | D:5      | Entered Level 5 of the Dungeon
  3053 | D:5      | Noticed an ogre
  3109 | D:5      | Reached XP level 7. HP: 47/47 MP: 11/14
  3419 | D:5      | Reached skill level 5 in Spellcasting
  3464 | D:5      | Learned a level 2 spell: Passwall
  3468 | D:5      | Learned a level 3 spell: Stone Arrow
  3749 | D:6      | Reached skill level 1 in Fighting
  3806 | D:6      | Got a steaming ring mail
  3812 | D:6      | Reached XP level 8. HP: 56/56 MP: 10/16
  3823 | D:6      | Identified the +6 ring mail "Akhlemm" {rC+} (You found it on level 6 of the Dungeon)
  3872 | D:6      | Reached skill level 1 in Armour
  3921 | D:6      | Found a shadowy altar of Dithmenos.
  4150 | D:6      | Learned a level 5 spell: Lee's Rapid Deconstruction
  4155 | D:6      | Learned a level 4 spell: Petrify
  4191 | D:7      | Got a clouded brass ring
  4196 | D:7      | Identified the ring "Vunip" {rC++ rN+ MR+ Slay+5} (You found it on level 7 of the Dungeon)
  4355 | D:7      | Reached skill level 1 in Axes
  4442 | D:7      | Noticed a hippogriff
  4550 | D:7      | Killed a hippogriff
  4550 | D:7      | Reached skill level 2 in Axes
  4633 | D:7      | Noticed a two-headed ogre
  4757 | D:7      | Reached XP level 9. HP: 41/65 MP: 7/18
  4866 | D:7      | Reached skill level 3 in Axes
  5064 | D:7      | Reached skill level 4 in Axes
  5392 | D:7      | Reached skill level 5 in Armour
  5648 | D:8      | Noticed a two-headed ogre
  5980 | D:8      | Reached skill level 5 in Axes
  6088 | D:8      | Noticed a two-headed ogre
  6477 | D:8      | Reached skill level 5 in Fighting
  6488 | D:8      | Reached skill level 6 in Axes
  6488 | D:8      | Reached XP level 10. HP: 57/74 MP: 19/19
  6900 | D:7      | Killed a two-headed ogre
  6900 | D:7      | Reached skill level 7 in Axes
  6946 | D:8      | Killed a two-headed ogre
  6946 | D:8      | Reached skill level 8 in Axes
  7101 | D:8      | Found a hazy altar of Hepliaklqana.
  7323 | D:9      | Noticed Erolcha
  7524 | D:9      | Found a staircase to the Lair.
  7720 | D:9      | Reached skill level 9 in Axes
  8430 | D:10     | Entered Level 10 of the Dungeon
  8491 | D:10     | Noticed Nergalle
  8492 | D:10     | Noticed IceCat's ghost (journeyman GrFi)
  8511 | D:10     | Killed Nergalle
  8511 | D:10     | Reached XP level 11. HP: 51/84 MP: 20/20
  8678 | D:10     | Reached skill level 10 in Axes
  8718 | D:10     | Noticed Fannar
  8924 | D:10     | Killed IceCat's ghost
  9091 | D:10     | Noticed a cyclops
  9194 | D:10     | Noticed an unseen horror
  9222 | D:10     | Killed an unseen horror
  9449 | D:10     | Killed Fannar
  9449 | D:10     | Reached skill level 11 in Axes
  9622 | D:11     | Noticed a manticore
  9727 | D:11     | Found a staircase to the Orcish Mines.
 10352 | D:11     | Found a bloodstained altar of Trog.
 10356 | D:11     | Noticed Sonja
 10385 | D:11     | You fall through a shaft for 3 floors!
 10623 | D:14     | Noticed an unseen horror
 10639 | D:14     | Killed an unseen horror
 10643 | D:14     | Noticed a vault guard
 10643 | D:14     | Noticed a vault guard
 10644 | D:14     | Noticed a vault guard
 10649 | D:14     | Noticed a vault guard
 10674 | D:14     | Noticed a cyclops
 10677 | D:14     | Noticed a centaur warrior
 10697 | D:15     | Entered Level 15 of the Dungeon
 11052 | D:14     | Killed a vault guard
 11052 | D:14     | Reached XP level 12. HP: 74/94 MP: 21/21
 11167 | D:14     | Learned a level 2 spell: Swiftness
 11200 | D:14     | Reached skill level 12 in Axes
 11254 | D:14     | Reached skill level 1 in Charms
 11532 | D:14     | Noticed a vault guard
 11562 | D:14     | Killed a vault guard
 11855 | D:13     | Killed a vault guard
 12221 | D:12     | Reached skill level 13 in Axes
 13261 | D:12     | Found a roughly hewn altar of Beogh.
 13345 | D:11     | Reached skill level 10 in Fighting
 13362 | D:11     | Reached XP level 13. HP: 90/103 MP: 22/22
 13566 | D:11     | You fall through a shaft for 2 floors!
 13624 | D:13     | Got a translucent lajatang
 13627 | D:13     | Identified the +8 lajatang "Cicimm" {slice, Str+3} (You found it on level 13 of the Dungeon)
 13844 | D:13     | Found Afaaxkac's Gadget Shoppe.
 13947 | D:13     | Reached skill level 14 in Axes
 14253 | D:13     | Noticed Azrael
 14569 | D:4      | Found a staircase to the Ecumenical Temple.
 14583 | Temple   | Entered the Ecumenical Temple
 15045 | Lair:1   | Entered Level 1 of the Lair of Beasts
 15198 | Lair:1   | Noticed Pisosu's ghost (journeyman MiHu)
 15278 | Lair:1   | Killed Pisosu's ghost
 15561 | Lair:1   | Noticed an eight-headed hydra
 15589 | Lair:1   | Noticed a seven-headed hydra
 16059 | Lair:2   | Noticed an eight-headed hydra
 16164 | Orc:1    | Entered Level 1 of the Orcish Mines
 16252 | Orc:2    | Entered Level 2 of the Orcish Mines
 16291 | Orc:1    | Noticed an orc warlord
 17079 | Orc:2    | Found a staircase to the Elven Halls.
 17158 | Orc:1    | Found Sebaoji's Food Shoppe.
 17197 | Orc:1    | Reached skill level 1 in Shields
 17748 | Orc:1    | HP: 1/106 [orc knight/bardiche (26)]
 18228 | Orc:2    | Reached skill level 15 in Axes
 18471 | Orc:2    | Reached XP level 14. HP: 77/113 MP: 23/23
 19002 | Orc:2    | Found Neodydod's Magic Scroll Shoppe.
 19002 | Orc:2    | Found Enaf's General Store.
 19012 | Orc:2    | Found Todgh's Antique Weapon Shoppe.
 19012 | Orc:2    | Found Luezeil's Magic Scroll Boutique.
 19304 | Orc:2    | Bought a scroll of acquirement for 936 gold pieces
 19307 | Orc:2    | Got a smoking battleaxe
 19310 | Orc:2    | Identified the +6 battleaxe "Focen" {venom, rF- rC+ MR+ Str+2} (You acquired it on level 2 of the Orcish Mines)
 19594 | D:13     | You fall through a shaft for 2 floors!
 19646 | D:15     | HP: 4/113 [centaur warrior/arrow (16)]
 19650 | D:15     | Shot with a bolt by a yaktaur captain

Skill      XL: |  1  2  3  4  5  6  7  8  9 10 11 12 13 14 |
---------------+-------------------------------------------+-----
Earth Magic    | 4 5 6 7 8 |  8.3
Spellcasting   | 3 4 5 6 |  6.3
Stealth        | 3 |  3.0
Fighting       | 2 3 5 7 8 10 11 | 11.2
Armour         | 3 5 6 7 8 9 |  9.0
Axes           | 2 6 9 11 13 15 | 15.6
Charms         | 2 4 |  4.0
Shields        | 2 3 |  3.6
Maces & Flails | |  0.7
Dodging        | |  1.7
Transmutations | |  1.1

Action                   |  1- 3 |  4- 6 |  7- 9 | 10-12 | 13-15 || total
-------------------------+-------+-------+-------+-------+-------++-------
Melee: Dagger            |    47 |       |       |       |       ||    47
       Whip              |       |    31 |    45 |       |       ||    76
       War axe           |       |       |   225 |   396 |       ||   621
       Broad axe         |       |       |       |   212 |   527 ||   739
 Fire: Blowgun           |       |       |       |     9 |       ||     9
Throw: Javelin           |       |       |       |     2 |     1 ||     3
       Tomahawk          |       |       |       |     2 |     1 ||     3
 Cast: Sandblast         |    22 |    72 |    77 |       |       ||   171
       Petrify           |       |       |     2 |       |       ||     2
       Stone Arrow       |       |       |     3 |       |       ||     3
       Passwall          |       |       |     1 |     2 |     5 ||     8
 Abil: Shaft Self        |       |       |       |     1 |     2 ||     3
       Dig               |       |       |       |       |     2 ||     2
Evoke: Wand              |       |       |       |    21 |     2 ||    23
  Use: Scroll            |       |    10 |     6 |     7 |     8 ||    31
       Potion            |       |       |     4 |     6 |     5 ||    15
 Stab: Sleeping          |     4 |     1 |     2 |     1 |     3 ||    11
       Distracted        |       |     1 |       |       |     1 ||     2
       Invisible         |       |       |     1 |    13 |       ||    14
  Eat: Chunk             |     1 |     6 |    12 |     9 |    17 ||    45
       Ration            |       |       |       |     5 |     1 ||     6
Armor: Robe              |     8 |    14 |     5 |       |       ||    27
       Ring mail         |       |       |   195 |   300 |   255 ||   750
Dodge: Dodged            |    34 |    40 |   236 |   295 |   237 ||   842
